 Dungeon Crawl Stone Soup version 0.20.1-1-g8b1a95d (webtiles) character file.

119 slep the Shield-Bearer (level 5, -5/41 HPs)
             Began as a Human Fighter on Oct 24, 2017.
             Slain by an iguana (10 damage)
             ... on level 4 of the Dungeon.
             The game lasted 00:12:46 (2815 turns).

slep the Shield-Bearer (Human Fighter)              Turns: 2815, Time: 00:12:46

Health: -5/41      AC:  9    Str: 16    XL:     5   Next: 23%
Magic:  5/5        EV:  7    Int:  8    God:
Gold:   64         SH:  9    Dex: 14    Spells: 3/4 levels left

rFire    . . .     SeeInvis .   a - +0 trident
rCold    . . .     Gourm    .   c - +0 shield
rNeg     . . .     Faith    .   b - +0 scale mail
rPois    .         Spirit   .   (no helmet)
rElec    .         Reflect  .   (no cloak)
rCorr    .         Harm     .   (no gloves)
MR       .....                  k - +1 pair of boots
Stlth    ..........             p - amulet of magic regeneration
Regen    0.2/turn               g - -2 ring of slaying (curse)
MPRegen  0.2/turn               h - ring of loudness (curse)

@: no status effects
A: no striking features
a: no special abilities


You were on level 4 of the Dungeon.
You were hungry.

You visited 1 branch of the dungeon, and saw 4 of its levels.

You collected 64 gold pieces.

Inventory:

Hand Weapons
 a - a +0 trident (weapon)
 o - a +3 dagger
Armour
 b - a +0 scale mail (worn)
 c - a +0 shield (worn)
 k - a +1 pair of boots (worn)
Jewellery
 g - a cursed -2 ring of slaying (left hand)
 h - a cursed ring of loudness (right hand)
 n - an uncursed ring of stealth {unknown}
 p - an amulet of magic regeneration (around neck)
Scrolls
 e - a scroll of enchant weapon {unknown}
 j - a scroll of teleportation {unknown}
 l - 3 scrolls of identify {unknown}
 m - a scroll of magic mapping {unknown}
Potions
 d - a potion of might
Books
 i - a book of Cantrips

   Spells                             Type                      Level
   a - Confusing Touch                Hexes                        1
   b - Animate Skeleton               Necromancy                   1
   c - Summon Small Mammal            Summoning                    1
   d - Apportation                    Translocation                1
Comestibles
 f - 3 bread rations


   Skills:
 + Level 3.6 Fighting
 + Level 3.1 Polearms
 + Level 3.4 Armour
 + Level 1.1 Dodging
 + Level 3.8 Shields


You had 3 spell levels left.
You knew the following spells:

 Your Spells              Type           Power        Failure   Level  Hunger
a - Apportation           Tloc           #.....       100%        1    ##.....


Dungeon Overview and Level Annotations

Branches:
Dungeon (4/15)
 Temple: D:4-7

Altars:
Elyvilon
Ru

Annotations:
D:4 Dowan, Duvessa


Message History

An iguana comes into view.
The iguana bites you but does no damage.
There is a stone staircase leading up here.
You barely miss the iguana. The iguana barely misses you. The iguana bites you.
* * * LOW HITPOINT WARNING * * *
You hit the iguana but do no damage. The iguana bites you.
* * * LOW HITPOINT WARNING * * *
You hit the iguana.
The iguana is lightly wounded.
The iguana barely misses you.
You hit the iguana.
The iguana is moderately wounded.
The iguana bites you but does no damage.
You closely miss the iguana.
The iguana is moderately wounded.
The iguana barely misses you.
You barely miss the iguana.
The iguana is moderately wounded.
The iguana bites you!
You die...

###
#..
#.#
#l#
#@#
###


You could see an iguana.

Vanquished Creatures
  A gnoll (D:1)
  3 adders
  An ooze (D:3)
  An adder skeleton (D:4)
  3 worms
  2 dart slugs
  2 leopard geckos (D:1)
  3 orcs
  3 bats (D:2)
  4 giant cockroaches
  4 hobgoblins
  5 jackals
  A quokka (D:3)
  3 ball pythons
  4 frilled lizards
  6 goblins (D:1)
  3 kobolds (D:3)
  10 rats
59 creatures vanquished.

Notes
Turn   | Place    | Note
-------+----------+-------------------------------------------
     0 | D:1      | slep the Human Fighter began the quest for the Orb.
     0 | D:1      | Reached XP level 1. HP: 18/18 MP: 1/1
    51 | D:1      | Reached XP level 2. HP: 21/24 MP: 2/2
   521 | D:1      | Reached XP level 3. HP: 25/29 MP: 3/3
   940 | D:2      | Learned a level 1 spell: Apportation
  1109 | D:2      | Found a sacrificial altar of Ru.
  1456 | D:2      | Reached XP level 4. HP: 35/35 MP: 4/4
  1729 | D:3      | Reached skill level 1 in Dodging
  1936 | D:3      | Found a white marble altar of Elyvilon.
  2424 | D:3      | Reached XP level 5. HP: 40/41 MP: 5/5
  2707 | D:4      | Noticed Duvessa
  2710 | D:4      | Noticed Dowan
  2815 | D:4      | Slain by an iguana

Skill      XL: |  1  2  3  4 |
---------------+-------------+-----
Dodging        | 1 |  1.1
Polearms       | 3 |  3.1
Fighting       | |  3.6
Armour         | |  3.4
Shields        | |  3.8

Action                   |  1- 3 |  4- 6 || total
-------------------------+-------+-------++-------
Melee: Trident           |   133 |   187 ||   320
       Dagger            |       |     8 ||     8
  Use: Potion            |       |     4 ||     4
  Eat: Chunk             |     1 |     5 ||     6
Armor: Scale mail        |    55 |    90 ||   145
       Skin              |       |     1 ||     1
Dodge: Dodged            |    37 |    71 ||   108
Block: Shield            |    52 |    74 ||   126
